 Dungeon Crawl Stone Soup version 0.29.0-4-gdea44cf6ec (webtiles) character file.

Game seed: 6867371603047903961

7534 ILmort the Cleaver (level 11, -4/102 HPs)
             Began as a Hill Orc Fighter on Aug 26, 2022.
             Was a Follower of Uskayaw.
             Killed from afar by an electric eel (12 damage)
             ... with a bolt of electricity
             ... on level 9 of the Dungeon on Aug 27, 2022.
             The game lasted 00:49:58 (13805 turns).

ILmort the Cleaver (Hill Orc Fighter)              Turns: 13805, Time: 00:49:59

Health: -4/102     AC: 17    Str: 24    XL:     11   Next: 16%
Magic:  17/17      EV: 10    Int:  8    God:    Uskayaw [*.....]
Gold:   645        SH:  0    Dex: 10    Spells: 10/10 levels left

rFire   + . .      SeeInvis +   a - +5 battleaxe (elec)
rCold   . . .      Faith    .   (shield currently unavailable)
rNeg    . . .      Spirit   .   D - +0 scale mail
rPois   .          Reflect  .   C - +4 helmet "Gaapn" {Stlth+}
rElec   .          Harm     .   r - +0 cloak
rCorr   .          Rampage  .   s - +0 pair of gloves
Will    .....                   (no boots)
Stlth   +.........              u - amulet of magic regeneration
HPRegen 0.27/turn               p - ring of protection from fire
MPRegen 0.55/turn               t - ring of see invisible

@: mighty, about to teleport, very slow
A: high MP 1, shaggy fur 1
a: Renounce Religion, Stomp


You were on level 9 of the Dungeon.
You worshipped Uskayaw.
Uskayaw was noncommittal.
You visited 2 branches of the dungeon, and saw 11 of its levels.
You also visited: Ossuary.

You collected 748 gold pieces.
You spent 103 gold pieces at shops.

Inventory:

Hand Weapons
 a - a +5 battleaxe of electrocution (weapon)
 b - a +4 morningstar
 U - a +0 battleaxe
Missiles
 G - a throwing net (quivered)
Armour
 r - a +0 cloak (worn)
 s - a +0 pair of gloves (worn)
 C - the +4 helmet "Gaapn" (worn) {Stlth+}
   (You acquired it on level 6 of the Dungeon)

   Stlth:     It makes you more stealthy.
 D - a +0 scale mail (worn)
Jewellery
 l - a ring of positive energy
 p - a ring of protection from fire (left hand)
 t - a ring of see invisible (right hand)
 u - an amulet of magic regeneration (around neck)
 F - a ring of flight
Wands
 x - a wand of paralysis (3)
 S - a wand of quicksilver (10)
Scrolls
 i - a scroll of poison
 B - 2 scrolls of vulnerability
 L - a scroll of butterflies
 P - a scroll of blinking
 R - a scroll of enchant armour {unknown}
 T - 2 scrolls of immolation {unknown}
Potions
 c - 2 potions of brilliance {unknown}
 d - a potion of invisibility {unknown}
 e - a potion of resistance {unknown}
 f - 2 potions of curing
 g - a potion of might
 h - 2 potions of magic
 j - a potion of haste
 k - 3 potions of lignification
 m - a potion of berserk rage {unknown}
 n - 2 potions of flight {unknown}
 q - a potion of mutation
 v - 2 potions of attraction
 K - a potion of cancellation {unknown}


   Skills:
 + Level 11.5 Fighting
 + Level 14.7 Axes
 + Level 7.8 Armour
 - Level 1.0 Dodging
 - Level 0.4 Stealth
 - Level 3.2 Shields
 * Level 6.8 Invocations


You had 10 spell levels left.
You didn't know any spells.
Your spell library contained the following spells:

 Spells                   Type           Power      Damage    Failure   Level
 Necrotise                Necr           0%         1d4       67%         1
 Sublimation of Blood     Necr           0%         N/A       82%         2
 Gell's Gravitas          Tloc           0%         N/A       96%         3
 Lesser Beckoning         Tloc           0%         N/A       96%         3
 Ozocubu's Armour         Ice            0%         N/A       96%         3
 Teleport Other           Tloc           0%         N/A       96%         3
 Anguish                  Hex/Necr       0%         N/A       100%        4
 Petrify                  Tmut/Erth      0%         N/A       100%        4
 Agony                    Necr           0%         N/A       100%        5
 Irradiate                Conj/Tmut      0%         3d11      100%        5
 Summon Forest            Summ/Tloc      0%         N/A       100%        5
 Dispersal                Tloc           0%         N/A       100%        6
 Eringya's Noxious Bog    Tmut/Pois      0%         N/A       100%        6
 Starburst                Conj/Fire      0%         6d3       100%        6
 Ozocubu's Refrigeration  Ice            0%         4d7       100%        7
 Summon Hydra             Summ           0%         N/A       100%        7


Dungeon Overview and Level Annotations

Branches:
Dungeon (10/15)            Temple (1/1) D:7            Lair (0/5) D:9
Ossuary (visited)
    Orc: D:9-12

Altars:
Cheibriados
Dithmenos
Fedhas
Gozag
Hepliaklqana
Kikubaaqudgha
Makhleb
Nemelex Xobeh
Ru
Sif Muna
Trog
Uskayaw
Vehumet
Wu Jian
Xom
The Shining One

Shops:
D:4 ?[[   D:5 *

Annotations:
D:9 1 exclusion


Innate Abilities, Weirdness & Mutations

You have an increased reservoir of magic. (+10% MP)
You are covered in fur. (AC +1)


Message History

Your unstable footing causes you to fumble your attack.
The electric eel shoots out a bolt of lightning at you!
The bolt of electricity hits the electric eel.
The electric eel completely resists.
The bolt of electricity misses you.
You feel better.
The electric eel shoots out a bolt of lightning at you!
The bolt of electricity hits the electric eel.
The electric eel completely resists.
The bolt of electricity hits you!
* * * LOW HITPOINT WARNING * * *
The electric eel shoots out a bolt of lightning at you!
The bolt of electricity misses you.
Your unstable footing causes you to fumble your attack.
The electric eel shoots out a bolt of lightning at you!
The bolt of electricity hits you!
* * * LOW HITPOINT WARNING * * *
The electric eel shoots out a bolt of lightning at you!
The bolt of electricity hits the electric eel.
The electric eel completely resists.
The bolt of electricity hits you.
* * * LOW HITPOINT WARNING * * *
Okay, then.
You feel better.
The electric eel shoots out a bolt of lightning at you!
The bolt of electricity misses you.
The electric eel shoots out a bolt of lightning at you!
The bolt of electricity hits the electric eel.
The electric eel completely resists.
The bolt of electricity misses you.
The electric eel shoots out a bolt of lightning at you!
The bolt of electricity hits you!
* * * LOW HITPOINT WARNING * * *
Okay, then.
You feel better.
The electric eel shoots out a bolt of lightning at you!
The bolt of electricity hits you.
* * * LOW HITPOINT WARNING * * *
Okay, then.
As you read the scroll of teleportation, it crumbles to dust.
You feel strangely unstable.
The electric eel shoots out a bolt of lightning at you!
The bolt of electricity hits you!
You die...

≈~≈~~≈~S~≈# #...
~≈~.~.~.≈≈≈~≈# #...
~≈~....~≈≈≈≈≈# #...
~~.~.>..~≈≈≈≈### #...
.≈~.....~≈≈≈≈..# #..#
≈≈~....~~≈≈~~..# #.##
~≈~.~.~.~≈~~...# #[##
......≈≈~....~≈~..### ###...
......~≈~~.~@≈~~..######.....
^....~~≈≈~.SSS..~........##..
.....~≈≈≈≈.~≈~~..............
.....~~~.~.~≈≈.~~....#......#
......~~.~.~~~~......#......#
#.....~...~~..~~...##....(.#
#..................#.......#
#..................##..#####
#........##>.###.......# #


You could see 3 electric eels.

Vanquished Creatures
  A two-headed ogre (D:9)
  Amaemon (D:9)
  Pikel (D:9)
  2 trolls (D:9)
  4 water moccasins
  The ghost of Mandevil the Insei, an amateur GnMo (D:3)
  3 black bears
  2 ogres
  2 wolves (D:9)
  A phantom (D:5)
  A centaur (D:7)
  3 kobold brigands
  2 lemures (D:9)
  2 bullfrogs
  2 necrophages
  A gnoll sergeant (D:7)
  15 scorpions
  A water moccasin zombie (D:3)
  18 wights
  2 jellies (D:7)
  11 killer bees
  A centaur zombie (Ossuary)
  A bullfrog zombie (D:3)
  4 human zombies (Ossuary)
  10 hounds
  2 orc priests
  2 gnoll boudas (D:7)
  2 iguanas
  5 scorpion zombies (Ossuary)
  7 orc wizards
  A killer bee zombie (D:3)
  3 mummies (Ossuary)
  10 gnolls
  8 adders
  A shadow imp (D:7)
  3 white imps
  2 ufetubi
  A worm (D:4)
  2 dart slugs
  22 orcs
  8 ball pythons
  4 bats
  6 endoplasms
  5 giant cockroaches
  3 gnoll zombies (Ossuary)
  6 goblins
  16 hobgoblins
  4 jackals (D:2)
  17 kobolds
  6 quokkas
  3 frilled lizards
  2 goblin zombies (Ossuary)
  A hobgoblin zombie (Ossuary)
  3 kobold zombies (Ossuary)
  2 orc zombies (Ossuary)
  5 rats
254 creatures vanquished.

Vanquished Creatures (others)
  A kobold (D:9)
  37 plants (D:7)
38 creatures vanquished.

Grand Total: 292 creatures vanquished

Notes
Turn   | Place    | Note
-------+----------+-------------------------------------------
     0 | D:1      | ILmort the Hill Orc Fighter began the quest for the Orb.
     0 | D:1      | Reached XP level 1. HP: 19/19 MP: 1/1
    40 | D:1      | You fall into a shaft and drop 1 floor!
   179 | D:2      | Reached skill level 3 in Axes
   179 | D:2      | Reached XP level 2. HP: 25/27 MP: 2/2
   602 | D:1      | Reached XP level 3. HP: 29/33 MP: 3/3
  1141 | D:1      | Reached skill level 4 in Axes
  1514 | D:2      | Found a faded altar of an unknown god.
  1810 | D:2      | Reached XP level 4. HP: 39/40 MP: 4/4
  2011 | D:3      | Noticed a necrophage
  2157 | D:3      | Reached skill level 5 in Axes
  2794 | D:3      | Reached XP level 5. HP: 46/46 MP: 5/5
  2835 | D:3      | Found a transporter.
  2836 | D:3      | Found a transporter.
  2836 | D:3      | Noticed Mandevil's ghost (amateur GnMo)
  3025 | D:4      | Noticed a black bear
  3040 | D:4      | Killed a black bear
  3041 | D:4      | Reached skill level 6 in Axes
  3210 | D:4      | Found a snail-covered altar of Cheibriados.
  3279 | D:4      | Found Zogh's Antique Armour Shop.
  3299 | D:4      | Reached skill level 7 in Axes
  3299 | D:4      | Reached XP level 6. HP: 30/53 MP: 6/6
  3504 | D:4      | Bought a pair of boots for 103 gold pieces
  3628 | D:4      | Found Gonik's Armour Shoppe.
  3796 | D:4      | Found Zozuc's Magic Scroll Boutique.
  3852 | D:5      | Entered Level 5 of the Dungeon
  3860 | D:5      | Found Dymuckah's Elemental Accessories.
  3902 | D:5      | Reached skill level 8 in Axes
  3902 | D:5      | Reached XP level 7. HP: 60/60 MP: 7/7
  4374 | D:5      | Reached skill level 1 in Dodging
  4449 | D:5      | Found a shimmering blue altar of Sif Muna.
  4813 | D:5      | Reached skill level 9 in Axes
  5257 | D:5      | Found a shimmering altar of Xom.
  5259 | D:5      | Found an ornate altar of the Wu Jian Council.
  5306 | D:6      | Reached skill level 5 in Fighting
  5432 | D:5      | Reached skill level 5 in Armour
  5623 | D:6      | Reached XP level 8. HP: 59/65 MP: 8/8
  5921 | D:6      | Reached skill level 10 in Axes
  6755 | D:6      | Reached skill level 11 in Axes
  7078 | D:6      | Identified the +1 robe of Kyrot {Will+}
  7157 | D:7      | Found a sand-covered staircase.
  7333 | D:7      | Reached XP level 9. HP: 30/75 MP: 9/9
  7781 | D:7      | Reached skill level 12 in Axes
  7796 | Ossuary  | Entered an ossuary
  8317 | Ossuary  | Reached skill level 13 in Axes
  9038 | D:6      | Identified a scroll of acquirement
  9038 | D:6      | Acquired the +4 helmet "Gaapn" {Stlth+}
  9051 | D:7      | Reached skill level 14 in Axes
  9051 | D:7      | Reached XP level 10. HP: 82/88 MP: 10/10
  9812 | D:7      | Found a staircase to the Ecumenical Temple.
  9825 | Temple   | Entered the Ecumenical Temple
  9831 | Temple   | Became a worshipper of Uskayaw the Reveller
  9965 | D:7      | Reached * piety under Uskayaw
  9971 | D:7      | Reached ** piety under Uskayaw
  9974 | D:7      | Reached skill level 1 in Invocations
 10069 | D:7      | Reached *** piety under Uskayaw
 10731 | D:7      | Gained mutation: Your mind is acute. (Int +4, Str/Dex -1)
                  | [potion of mutation]
 10731 | D:7      | Gained mutation: You are weak. (Str -2) [potion of
                  | mutation]
 10732 | D:7      | Lost mutation: Your mind is acute. (Int +4, Str/Dex -1)
                  | [potion of mutation]
 10732 | D:7      | Lost mutation: You are weak. (Str -2) [potion of mutation]
 10732 | D:7      | Gained mutation: You are frail. (-10% HP) [potion of
                  | mutation]
 10732 | D:7      | Gained mutation: You are partially covered in iridescent
                  | scales. (AC +2) [potion of mutation]
 10733 | D:7      | Lost mutation: You are frail. (-10% HP) [potion of
                  | mutation]
 10733 | D:7      | Lost mutation: You are partially covered in iridescent
                  | scales. (AC +2) [potion of mutation]
 10733 | D:7      | Gained mutation: You have an increased reservoir of magic.
                  | (+10% MP) [potion of mutation]
 10733 | D:7      | Gained mutation: You are covered in fur. (AC +1) [potion of
                  | mutation]
 10950 | D:3      | Killed Mandevil's ghost
 10950 | D:3      | Reached **** piety under Uskayaw
 11493 | D:8      | Got the Opusculum on Lethal Sinister Rites
 12161 | D:9      | Found a staircase to the Lair.
 12181 | D:9      | Reached skill level 10 in Fighting
 12366 | D:9      | Noticed a two-headed ogre
 12379 | D:9      | Killed a two-headed ogre
 12380 | D:9      | Reached skill level 5 in Invocations
 12716 | D:9      | Noticed Pikel
 12873 | D:9      | Killed Pikel
 12874 | D:9      | Reached XP level 11. HP: 99/102 MP: 17/17
 13030 | D:9      | Noticed Amaemon
 13772 | D:9      | Killed Amaemon
 13776 | D:10     | Entered Level 10 of the Dungeon
 13776 | D:10     | Noticed a two-headed ogre
 13803 | D:9      | HP: 3/102 [electric eel/bolt of electricity (16)]
 13805 | D:9      | Killed from afar by an electric eel

Illustrated notes

Levels and vault maps discovered:
D:1:      matt_arrival_refuge, layout_rooms, minmay_octomino_c4
D:2:      minmay_thinvault, layout_basic,
          hellmonk_ecumenical_altar_inner_sanctum
D:3:      layout_loops_ring, gammafunk_ghost_mausoleum
D:4:      layout_cave_pools, mainiacjoe_overflow_tiny_flanked, serial_shops,
          nicolae_shop_waterfront, nicolae_shop_statue_plus,
          nicolae_take_the_stairs
D:5:      layout_basic, gammafunk_temple_overflow_statue,
          mainiacjoe_overflow_boulevard, nrook_mini_backslash,
          grunt_ministairs_2, nicolae_elemental_shop, minivault_27
D:6:      dreamdust_elfheim, layout_basic
D:7:      kennysheep_housing_project, layout_gridville,
          minmay_temple_entry_slanted, enter_ossuary_2
D:8:      layout_gridville, nrook_campfire, minmay_misc_feat_chi
D:9:      layout_basic, kennysheep_little_box, erik_lair_island, uniq_amaemon,
          uniq_pikel
D:10:     layout_basic, grunt_qazlal_clouds, mainiacjoe_overflow_divided_tiny,
          david_orc_3, ebering_ghost_reflecting_pool, enter_bailey_3,
          chequers_jeans, uniq_josephine
Temple:   eino_narrow_crystal_temple

Skill      XL: |  1  2  3  4  5  6  7  8  9 10 |
---------------+-------------------------------+-----
Axes           | 3 4 5 7 8 9 11 14 | 14.7
Fighting       | 4 5 6 7 11 | 11.5
Armour         | 4 5 6 7 |  7.8
Dodging        | 1 |  1.0
Invocations    | 6 |  6.8
Stealth        | |  0.4
Shields        | |  3.2

Action                   |  1- 3 |  4- 6 |  7- 9 | 10-12 || total
-------------------------+-------+-------+-------+-------++-------
Melee: War axe           |   113 |   129 |    67 |       ||   309
       Battleaxe         |       |       |   261 |   209 ||   470
  Use: Potion            |       |     3 |     5 |    15 ||    23
       Scroll            |       |     4 |    12 |    14 ||    30
 Stab: Paralysed         |       |       |       |    10 ||    10
Armor: Scale mail        |    45 |    65 |   154 |   147 ||   411
       Skin              |       |       |     2 |       ||     2
Dodge: Dodged            |    48 |    64 |   145 |   149 ||   406
Block: Buckler           |    33 |    31 |     9 |       ||    73
